 Dungeon Crawl Stone Soup version 0.24.0-125-gc4c63601f3 (webtiles) character file.

Game seed: 3571868747325661444, levelgen mode: deterministic

63 Johnny the Poker (level 3, -2/29 HPs)
             Began as a Demigod Gladiator on Feb 19, 2020.
             Killed from afar by an orc wizard (6 damage)
             ... with a puff of flame
             ... on level 3 of the Dungeon.
             The game lasted 00:01:10 (1597 turns).

Johnny the Poker (Demigod Gladiator)                Turns: 1597, Time: 00:01:10

Health: -2/29      AC:  4    Str: 19    XL:     3   Next: 61%
Magic:  5/5        EV: 13    Int: 12    God:
Gold:   43         SH:  0    Dex: 17    Spells: 2/2 levels left

rFire    . . .     SeeInvis .   a - +0 trident
rCold    . . .     Gourm    .   (no shield)
rNeg     . . .     Faith    .   b - +0 leather armour
rPois    .         Spirit   .   c - +0 helmet
rElec    .         Reflect  .   (no cloak)
rCorr    .         Harm     .   (no gloves)
MR       .....                  (no boots)
Stlth    +.........             (no amulet)
HPRegen  0.09/turn              (no ring)
MPRegen  0.09/turn              (no ring)

@: no status effects
A: high mp 1
a: no special abilities


You were on level 3 of the Dungeon.
You were not hungry.

You visited 1 branch of the dungeon, and saw 4 of its levels.

You collected 43 gold pieces.

Inventory:

Hand Weapons
 a - a +0 trident (weapon)
Missiles
 d - 3 throwing nets (quivered)
Armour
 b - a +0 leather armour (worn)
 c - a +0 helmet (worn)
Jewellery
 j - an uncursed ring of ice
Scrolls
 e - a scroll of magic mapping {unknown}
 i - 3 scrolls of remove curse {unknown}
 k - a scroll of blinking {unknown}
 l - a scroll of teleportation {unknown}
 p - a scroll of noise {unknown}
 q - a scroll of identify {unknown}
Potions
 g - 2 potions of berserk rage {unknown}
 h - a potion of flight {unknown}
 m - a potion of mutation {unknown}
 n - 2 potions of might {unknown}
Comestibles
 f - 3 rations


   Skills:
 - Level 1.7 Fighting
 + Level 4.4 Polearms
 - Level 1.7 Throwing
 - Level 2.6 Dodging


You had 2 spell levels left.
You didn't know any spells.
Your spell library was empty.

Dungeon Overview and Level Annotations

Branches:
Dungeon (4/15)
 Temple: D:4-7


Innate Abilities, Weirdness & Mutations

You have an increased reservoir of magic. (+10% MP)


Message History

You are too injured to fight recklessly!
You are too injured to fight recklessly!
You are too injured to fight recklessly!
You are too injured to fight recklessly!
You are too injured to fight recklessly!
You are too injured to fight recklessly!
You are too injured to fight recklessly!
You closely miss the orc wizard.
The orc wizard is heavily wounded.
The orc wizard closely misses you.
You barely miss the orc wizard.
The orc wizard is heavily wounded.
The orc wizard gestures at you while chanting.
The magic dart hits you.
* * * LOW HITPOINT WARNING * * *
You hit the orc wizard but do no damage.
The orc wizard is heavily wounded.
The orc wizard points at you and mumbles some strange words.
The puff of flame hits you.
You die...

..< +. .....#.
......#.###
.....$.....#
...........#
...........#####.#
.....%.....oo@...#
?..........#######
...........#
........>..#
...........#
...........#
...........#
...........#
....(......#


You could see an orc wizard and an orc.

Vanquished Creatures
  2 adders (D:2)
  An ooze (D:2)
  A dart slug (D:1)
  3 orcs
  2 giant cockroaches (D:2)
  8 hobgoblins
  5 jackals (D:2)
  A quokka (D:4)
  A ball python (D:1)
  A bat (D:2)
  A frilled lizard (D:2)
  2 goblins
  2 kobolds (D:2)
  4 rats
34 creatures vanquished.

Notes
Turn   | Place    | Note
-------+----------+-------------------------------------------
     0 | D:1      | Johnny the Demigod Gladiator began the quest for the Orb.
     0 | D:1      | Reached XP level 1. HP: 17/17 MP: 3/3
   111 | D:1      | Reached skill level 3 in Polearms
   170 | D:1      | Reached XP level 2. HP: 24/24 MP: 4/4
   743 | D:2      | Reached skill level 4 in Polearms
   743 | D:2      | Reached XP level 3. HP: 22/29 MP: 5/5
  1481 | D:3      | You fall into a shaft and drop 1 floor!
  1515 | D:4      | Found a radiant altar of Vehumet.
  1566 | D:4      | Found an iron altar of Okawaru.
  1597 | D:3      | Killed from afar by an orc wizard

Levels and vault maps discovered:
D:1:      sevenhm_arrival_forest_fort_small_3, layout_basic
D:2:      layout_loops_corners, first_ration, serial_glass, glass_columns_c,
          glass_columns_b, due_unseen_surprise, minmay_strange_pillars
D:3:      layout_basic, gammafunk_ghost_cemetery, roderic_batcave
D:4:      layout_basic, marbit_many_paths, minitemple, okawaru_metal_pillars_1_2

Skill      XL: |  1  2 |
---------------+-------+-----
Polearms       | 3 4 |  4.4
Fighting       | |  1.7
Throwing       | |  1.7
Dodging        | |  2.6

Action                   || total
-------------------------++-------
Melee: Trident           ||    96
 Stab: Sleeping          ||     5
  Eat: Chunk             ||     2
Armor: Leather armour    ||    17
Dodge: Dodged            ||    41
